[Event "Chinese Team-ch Men 2025"]
[Site "Zhang Jiakou Hebei"]
[Date "2025.04.26"]
[Round "2.13"]
[White "Bai, Jinshi"]
[Black "Yu, Shaoteng"]
[Result "1-0"]
[Annotator "RC"]
[ECO "A43"]
[WhiteElo "2569"]
[BlackElo "2480"]
[PlyCount "63"]
[EventDate "2025.04.26"]
[EventType "team-tourn"]
[EventCountry "CHN"]
[SourceTitle "playchess.com"]
[Source "ChessBase"]
[SourceQuality "1"]
[TimeControl "5400+30"]

1. d4 e6 2. Nf3 c5 3. g3 cxd4 4. Nxd4 Qb6 5. Bg2 Bc5 6. e3 d5 7. O-O Nf6 8. c4 dxc4 9. Nd2 Qa6 10. b3 Bxd4 11. exd4 cxb3 12. Nxb3 Nbd7 13. d5 e5 14. Re1 O-O 15. a4 Re8 16. Bb2 Qc4 17. a5 Qg4 18. Qxg4 Nxg4 19. f4 e4 20. Bxe4 Ngf6 21. Bf3 Rxe1+ 22. Rxe1 h5 23. Re7 Kf8 24. Ba3 Kg8 25. Nd4 Nf8 26. d6 N8d7 27. Be2 Nd5 28. Re8+ Kh7 29. Bd3+ g6 30. Nf3 b6 31. Bb2 f6 32. Bb5 1-0

[Event "Chinese Team-ch Men 2025"]
[Site "Zhang Jiakou Hebei"]
[Date "2025.04.26"]
[Round "2.14"]
[White "Jiang, Haochen"]
[Black "Kong, Xiangrui"]
[Result "1/2-1/2"]
[Annotator "ChessBase"]
[ECO "A37"]
[WhiteElo "2441"]
[BlackElo "2451"]
[PlyCount "76"]
[EventDate "2025.04.26"]
[EventType "team-tourn"]
[EventCountry "CHN"]
[SourceTitle "playchess.com"]
[Source "ChessBase"]
[SourceQuality "1"]
[TimeControl "5400+30"]

1. c4 c5 2. Nf3 Nc6 3. Nc3 e5 4. g3 g6 5. Bg2 Bg7 6. d3 Nge7 7. O-O d6 8. a3 O-O 9. Rb1 a5 10. Bd2 h6 11. Ne1 Be6 12. Nd5 Rb8 13. Nxe7+ Nxe7 14. b4 axb4 15. axb4 b5 16. cxb5 Rxb5 17. Nc2 cxb4 18. Nxb4 Qd7 19. Nc6 Rxb1 20. Nxe7+ Qxe7 21. Qxb1 Rc8 22. Rc1 Qd7 23. Rxc8+ Qxc8 24. Qc1 Qxc1+ 25. Bxc1 d5 26. Bb2 h5 27. f4 exf4 28. Bxg7 Kxg7 29. gxf4 d4 30. Kf2 f6 31. h4 g5 32. fxg5 fxg5 33. hxg5 Kg6 34. Bf3 Kxg5 35. Bxh5 Kxh5 36. Kf3 Bg4+ 37. Ke4 Bxe2 38. Kxd4 Bxd3 1/2-1/2

[Event "Chinese Team-ch Men 2025"]
[Site "Zhang Jiakou Hebei"]
[Date "2025.04.26"]
[Round "2.15"]
[White "Xie, Kaifan"]
[Black "Chen, KaiLin"]
[Result "1-0"]
[Annotator "ChessBase"]
[ECO "D36"]
[WhiteElo "2435"]
[BlackElo "2329"]
[PlyCount "129"]
[EventDate "2025.04.26"]
[EventType "team-tourn"]
[EventCountry "CHN"]
[SourceTitle "playchess.com"]
[Source "ChessBase"]
[SourceQuality "1"]
[TimeControl "5400+30"]

1. d4 Nf6 2. c4 e6 3. Nf3 d5 4. Nc3 Nbd7 5. Qc2 c6 6. cxd5 exd5 7. Bg5 Be7 8. e3 Nh5 9. h4 h6 10. Bxe7 Qxe7 11. g4 Nf4 12. O-O-O Ne6 13. Bd3 Nb6 14. Ne5 Bd7 15. Na4 Nxa4 16. Qxa4 Nc5 17. Qa3 Nxd3+ 18. Qxd3 O-O-O 19. h5 Rhe8 20. Rhg1 f6 21. Ng6 Qd6 22. Nf4 Kb8 23. Kb1 Bc8 24. Qd2 Re4 25. Rc1 Rde8 26. Rc3 b6 27. Rgc1 Bb7 28. f3 R4e7 29. Ng6 Re6 30. Nh4 Rc8 31. Nf5 Qd7 32. Qh2+ Qc7 33. Qxc7+ Rxc7 34. b4 Ba6 35. R1c2 Bb5 36. Kb2 Rd7 37. Kb3 Bc4+ 38. Rxc4 dxc4+ 39. Rxc4 Kb7 40. a4 a6 41. Rc2 Re8 42. e4 b5 43. a5 Rg8 44. Kc3 g6 45. hxg6 Rxg6 46. Rh2 Rh7 47. Kd3 Kc7 48. Ke3 Kd7 49. Nh4 Rg8 50. Nf5 Ke6 51. Kf4 Rgh8 52. Rc2 Kd7 53. Ng3 Rg8 54. Kf5 Rf7 55. f4 Kd6 56. Nh5 Re8 57. Kg6 Rff8 58. e5+ fxe5 59. dxe5+ Kc7 60. Nf6 Re6 61. Kxh6 Rd8 62. g5 Rd1 63. g6 Re7 64. Rg2 Rh1+ 65. Nh5 1-0

[Event "Chinese Team-ch Men 2025"]
[Site "Zhang Jiakou Hebei"]
[Date "2025.04.26"]
[Round "2.16"]
[White "Yu, Kaifeng"]
[Black "Jin, Yueheng"]
[Result "1/2-1/2"]
[Annotator "ChessBase"]
[ECO "C54"]
[WhiteElo "2312"]
[BlackElo "2383"]
[PlyCount "65"]
[EventDate "2025.04.26"]
[EventType "team-tourn"]
[EventCountry "CHN"]
[SourceTitle "playchess.com"]
[Source "ChessBase"]
[SourceQuality "1"]
[TimeControl "5400+30"]

1. e4 e5 2. Nf3 Nc6 3. Bc4 Bc5 4. c3 Nf6 5. d3 a6 6. O-O d6 7. a4 Ba7 8. Re1 h6 9. h3 O-O 10. Nbd2 Re8 11. Nf1 Be6 12. Bxe6 Rxe6 13. Be3 Bxe3 14. Nxe3 d5 15. Qc2 Qd7 16. Rad1 Rd8 17. Qb3 b6 18. exd5 Nxd5 19. Qc4 a5 20. Nxd5 Qxd5 21. Qe4 Qxe4 22. dxe4 Red6 23. Rxd6 Rxd6 24. Kf1 f6 25. Ke2 Kf7 26. Rd1 Rxd1 27. Kxd1 Nb8 28. Ne1 Nd7 29. Nd3 Ke6 30. b4 f5 31. exf5+ Kxf5 32. Kd2 Ke4 33. Kc2 1/2-1/2

[Event "Chinese Team-ch Men 2025"]
[Site "Zhang Jiakou Hebei"]
[Date "2025.04.26"]
[Round "2.17"]
[White "Xu, Minghui"]
[Black "Li, Di"]
[Result "1/2-1/2"]
[Annotator "RC"]
[ECO "C48"]
[WhiteElo "2459"]
[BlackElo "2571"]
[PlyCount "51"]
[EventDate "2025.04.26"]
[EventType "team-tourn"]
[EventCountry "CHN"]
[SourceTitle "playchess.com"]
[Source "ChessBase"]
[SourceQuality "1"]
[TimeControl "5400+30"]

1. e4 e5 2. Nf3 Nc6 3. Nc3 Nf6 4. Bb5 Nd4 5. Bc4 Bc5 6. Nxe5 Qe7 7. Nf3 d5 8. Bxd5 Bg4 9. d3 O-O-O 10. Be3 Nxd5 11. Nxd5 Rxd5 12. exd5 Re8 13. c3 Nxf3+ 14. gxf3 Qh4 15. Kd2 Rxe3 16. fxe3 Qf2+ 17. Kc1 Bxf3 18. Qe1 Bxe3+ 19. Kb1 Bxh1 20. Qxh1 Qe2 21. a4 Qxd3+ 22. Ka2 Qc4+ 23. Kb1 Qd3+ 24. Ka2 Qc4+ 25. Kb1 Qd3+ 26. Ka2 1/2-1/2

[Event "Chinese Team-ch Men 2025"]
[Site "Zhang Jiakou Hebei"]
[Date "2025.04.26"]
[Round "2.18"]
[White "Zhao, Yuanhe"]
[Black "Chen, Yuan"]
[Result "1-0"]
[Annotator "ChessBase"]
[ECO "D32"]
[WhiteElo "2482"]
[BlackElo "2286"]
[PlyCount "95"]
[EventDate "2025.04.26"]
[EventType "team-tourn"]
[EventCountry "CHN"]
[SourceTitle "playchess.com"]
[Source "ChessBase"]
[SourceQuality "1"]
[TimeControl "5400+30"]

1. Nf3 d5 2. e3 c5 3. d4 Nf6 4. c4 e6 5. cxd5 exd5 6. Nc3 Nc6 7. Bb5 cxd4 8. Nxd4 Bd7 9. O-O Be7 10. b3 O-O 11. Bb2 Bd6 12. Nf3 Bg4 13. Ne2 a6 14. Bxc6 bxc6 15. Rc1 Rc8 16. h3 Bh5 17. Nf4 Bxf4 18. exf4 Bxf3 19. Qxf3 Ne4 20. Qg4 g6 21. f5 Qd6 22. Rfe1 Rfe8 23. f3 h5 24. Qh4 Ng3 25. fxg6 Qxg6 26. Kf2 Nf5 27. Qf6 Qxf6 28. Bxf6 Rxe1 29. Rxe1 Kh7 30. g4 Kg6 31. Bb2 hxg4 32. hxg4 Nd6 33. Re7 Nb5 34. Rd7 d4 35. Bxd4 c5 36. Ba1 c4 37. a4 cxb3 38. axb5 Rc2+ 39. Ke3 axb5 40. Rd6+ Kh7 41. Rd2 Rc4 42. Bb2 Kg6 43. Rd6+ Kh7 44. Rd3 Rb4 45. Rd4 Ra4 46. Rxa4 bxa4 47. f4 f6 48. Kd3 1-0

[Event "Chinese Team-ch Men 2025"]
[Site "Zhang Jiakou Hebei"]
[Date "2025.04.26"]
[Round "2.19"]
[White "Chen, Zhi"]
[Black "Jiang, Qinyu"]
[Result "1-0"]
[Annotator "ChessBase"]
[ECO "B30"]
[WhiteElo "2094"]
[BlackElo "2280"]
[PlyCount "67"]
[EventDate "2025.04.26"]
[EventType "team-tourn"]
[EventCountry "CHN"]
[SourceTitle "playchess.com"]
[Source "ChessBase"]
[SourceQuality "1"]
[TimeControl "5400+30"]

1. e4 c5 2. Nf3 Nc6 3. Bb5 e5 4. O-O Bd6 5. c3 a6 6. Bc4 Nf6 7. d4 cxd4 8. cxd4 exd4 9. Re1 O-O 10. e5 Bxe5 11. Nxe5 Nxe5 12. Rxe5 Qc7 13. Qxd4 d5 14. Nc3 Qxc4 15. Rxd5 Qxd4 16. Rxd4 h6 17. Bf4 Be6 18. h3 Rfd8 19. Rad1 Rxd4 20. Rxd4 Rc8 21. a4 Rc4 22. Be5 Rxd4 23. Bxd4 Nd5 24. Nxd5 Bxd5 25. b4 h5 26. f4 Kf8 27. Kf2 g6 28. g4 hxg4 29. hxg4 Ke7 30. Ke3 Ke6 31. b5 axb5 32. axb5 Bc4 33. b6 Be2 34. Kxe2 1-0

[Event "Chinese Team-ch Men 2025"]
[Site "Zhang Jiakou Hebei"]
[Date "2025.04.26"]
[Round "2.20"]
[White "Gong, Bonuonuo"]
[Black "Gao, Kai"]
[Result "0-1"]
[Annotator "NA"]
[ECO "A35"]
[WhiteElo "1709"]
[BlackElo "1894"]
[PlyCount "126"]
[EventDate "2025.04.26"]
[EventType "team-tourn"]
[EventCountry "CHN"]
[SourceTitle "playchess.com"]
[Source "ChessBase"]
[SourceQuality "1"]
[TimeControl "5400+30"]

1. c4 c6 2. e4 d5 3. cxd5 cxd5 4. exd5 Nf6 5. Nc3 Nxd5 6. d4 g6 7. Nf3 Bg7 8. Bb5+ Nc6 9. Qb3 Nxc3 10. bxc3 O-O 11. Bxc6 bxc6 12. O-O Be6 13. Qb7 Bd5 14. Re1 Re8 15. Ne5 c5 16. Qb5 cxd4 17. cxd4 Rb8 18. Qc5 a6 19. Be3 Rb5 20. Qc3 Qa8 21. f3 Rc8 22. Qa3 Qb7 23. Rac1 Rxc1 24. Rxc1 Rb1 25. Kf2 Rb2+ 26. Kg3 Rxa2 27. Qc5 h5 28. Qc8+ Qxc8 29. Rxc8+ Kh7 30. Rc5 Bb3 31. h4 a5 32. Nc6 a4 33. Ra5 Rc2 34. Nxe7 Re2 35. Bg5 f6 36. d5 Rxe7 37. d6 Rd7 38. Bf4 Bf8 39. Ra6 Kg7 40. Kf2 Kf7 41. g4 Ke6 42. gxh5 gxh5 43. Ra5 Bxd6 44. Bxd6 Rxd6 45. Rxh5 Ra6 46. Rb5 a3 47. Rxb3 a2 48. Re3+ Kf5 49. Re1 a1=Q 50. Rxa1 Rxa1 51. h5 Rh1 52. h6 Rxh6 53. Ke3 Rh3 54. Ke2 Kf4 55. Kf2 Rh2+ 56. Kg1 Kg3 57. Kf1 Kxf3 58. Ke1 Ke3 59. Kd1 f5 60. Kc1 Kd3 61. Kb1 Kc3 62. Ka1 Kb3 63. Kb1 Rh1# 0-1

[Event "Chinese Team-ch Men 2025"]
[Site "Zhang Jiakou Hebei"]
[Date "2025.04.26"]
[Round "2.21"]
[White "Wan, Yunguo"]
[Black "Wang, Yiye"]
[Result "1/2-1/2"]
[Annotator "RC"]
[ECO "D75"]
[WhiteElo "2500"]
[BlackElo "2446"]
[PlyCount "60"]
[EventDate "2025.04.26"]
[EventType "team-tourn"]
[EventCountry "CHN"]
[SourceTitle "playchess.com"]
[Source "ChessBase"]
[SourceQuality "1"]
[TimeControl "5400+30"]

1. Nf3 Nf6 2. g3 g6 3. Bg2 d5 4. c4 Bg7 5. cxd5 Nxd5 6. d4 O-O 7. O-O c5 8. Nc3 cxd4 9. Nxd4 Nxc3 10. bxc3 Nc6 11. Nxc6 bxc6 12. Qa4 Bxc3 13. Rb1 Be6 14. Bxc6 Rc8 15. Bh6 Bg7 16. Bxg7 Kxg7 17. Bb7 Rc5 18. Qxa7 Ra5 19. Qe3 Rxa2 20. Qc3+ Kg8 21. Rfd1 Qa5 22. Qxa5 Rxa5 23. f4 Rb8 24. Bf3 Rxb1 25. Rxb1 Bd5 26. Kf2 Bxf3 27. Kxf3 Ra3+ 28. e3 f5 29. h4 h5 30. Rb8+ Kf7 1/2-1/2

[Event "Chinese Team-ch Men 2025"]
[Site "Zhang Jiakou Hebei"]
[Date "2025.04.26"]
[Round "2.22"]
[White "Hou, Yifan b"]
[Black "Zhang, Ziji"]
[Result "1/2-1/2"]
[Annotator "ChessBase"]
[ECO "E04"]
[WhiteElo "2313"]
[BlackElo "2371"]
[PlyCount "51"]
[EventDate "2025.04.26"]
[EventType "team-tourn"]
[EventCountry "CHN"]
[SourceTitle "playchess.com"]
[Source "ChessBase"]
[SourceQuality "1"]
[TimeControl "5400+30"]

1. d4 d5 2. c4 e6 3. Nf3 Nf6 4. g3 dxc4 5. Bg2 Bb4+ 6. Bd2 a5 7. Qc2 Bxd2+ 8. Qxd2 c6 9. a4 b5 10. axb5 cxb5 11. Qg5 O-O 12. Qxb5 Ba6 13. Qxa5 Bb7 14. Qxd8 Rxa1 15. Qxf8+ Kxf8 16. O-O Ra2 17. Rc1 Rxb2 18. Na3 Nbd7 19. Bf1 Bxf3 20. exf3 Nb6 21. Nxc4 Nxc4 22. Rxc4 Rd2 23. Rc8+ Ke7 24. Rc7+ Kf8 25. Rc8+ Ke7 26. Rc7+ 1/2-1/2

[Event "Chinese Team-ch Men 2025"]
[Site "Zhang Jiakou Hebei"]
[Date "2025.04.26"]
[Round "2.23"]
[White "Zhang, Jingran"]
[Black "Fan, Huifeng"]
[Result "1/2-1/2"]
[Annotator "ChessBase"]
[ECO "A17"]
[WhiteElo "1787"]
[BlackElo "2178"]
[PlyCount "95"]
[EventDate "2025.04.26"]
[EventType "team-tourn"]
[EventCountry "CHN"]
[SourceTitle "playchess.com"]
[Source "ChessBase"]
[SourceQuality "1"]
[TimeControl "5400+30"]

1. Nf3 Nf6 2. c4 b6 3. g3 Bb7 4. Bg2 e6 5. O-O Be7 6. Nc3 O-O 7. b3 d5 8. e3 c5 9. cxd5 Nxd5 10. Nxd5 Bxd5 11. Bb2 Bf6 12. Bxf6 Qxf6 13. Qe2 e5 14. d3 Nc6 15. Nd2 Rad8 16. Rad1 Bxg2 17. Kxg2 Rd7 18. Ne4 Qg6 19. f4 exf4 20. Rxf4 f5 21. Rdf1 Nb4 22. g4 Rdf7 23. Ng3 fxg4 24. Rxf7 Rxf7 25. Rxf7 Kxf7 26. e4 h5 27. a3 Nc6 28. Qf2+ Qf6 29. Nxh5 Qxf2+ 30. Kxf2 Nd4 31. b4 cxb4 32. axb4 Nc2 33. b5 Nd4 34. Ke3 Nxb5 35. Nf4 a5 36. Ne2 a4 37. Nc1 Kf6 38. d4 Kg5 39. Na2 Kh4 40. d5 Kh3 41. Kf4 a3 42. e5 Nc7 43. d6 Ne6+ 44. Kf5 Nd4+ 45. Kg5 Ne6+ 46. Kf5 Nd4+ 47. Kg5 Ne6+ 48. Kf5 1/2-1/2

[Event "Chinese Team-ch Men 2025"]
[Site "Zhang Jiakou Hebei"]
[Date "2025.04.26"]
[Round "2.24"]
[White "Qu, Yanqiao"]
[Black "Zhang, Tiankun"]
[Result "1-0"]
[Annotator "NA"]
[ECO "D02"]
[WhiteElo "1969"]
[BlackElo "1581"]
[PlyCount "43"]
[EventDate "2025.04.26"]
[EventType "team-tourn"]
[EventCountry "CHN"]
[SourceTitle "playchess.com"]
[Source "ChessBase"]
[SourceQuality "1"]
[TimeControl "5400+30"]

1. Nf3 d5 2. d4 Nf6 3. Bf4 e6 4. e3 Be7 5. Nbd2 O-O 6. Bd3 c5 7. c3 Nc6 8. Ne5 Nxe5 9. dxe5 Nd7 10. Qc2 h6 11. Qd1 Bg5 12. Bg3 Bh4 13. Qh5 Bxg3 14. hxg3 Qg5 15. Qxg5 hxg5 16. Bh7+ Kh8 17. f4 gxf4 18. gxf4 g5 19. Bd3+ Kg8 20. Rh5 gxf4 21. Rg5+ Kh8 22. Ke2 1-0

[Event "Chinese Team-ch Men 2025"]
[Site "Zhang Jiakou Hebei"]
[Date "2025.04.26"]
[Round "2.25"]
[White "Cao, Qingfeng"]
[Black "Ma, Lin"]
[Result "1/2-1/2"]
[Annotator "ChessBase"]
[ECO "D22"]
[WhiteElo "2443"]
[BlackElo "2221"]
[PlyCount "64"]
[EventDate "2025.04.26"]
[EventType "team-tourn"]
[EventCountry "CHN"]
[SourceTitle "playchess.com"]
[Source "ChessBase"]
[SourceQuality "1"]
[TimeControl "5400+30"]

1. d4 d5 2. c4 dxc4 3. Nf3 a6 4. e3 b5 5. a4 Bb7 6. b3 e6 7. bxc4 bxc4 8. Bxc4 Nf6 9. O-O Nbd7 10. Nbd2 Be7 11. Qb3 Ra7 12. Ba3 c5 13. Rfc1 O-O 14. Bf1 Bd5 15. Qc2 Qa8 16. Ne1 Rc7 17. Nd3 Rfc8 18. dxc5 Nxc5 19. Nxc5 Bxc5 20. Bxc5 Nd7 21. Nb3 Bxb3 22. Qxb3 Nxc5 23. Qa3 a5 24. Rab1 Ne4 25. Rxc7 Rxc7 26. Rb5 Nc3 27. Rb3 Qc6 28. h3 h6 29. Rb8+ Rc8 30. Bb5 Qc7 31. Rxc8+ Qxc8 32. Qe7 Nd5 1/2-1/2

[Event "Chinese Team-ch Men 2025"]
[Site "Zhang Jiakou Hebei"]
[Date "2025.04.26"]
[Round "2.26"]
[White "Sun, Chao"]
[Black "Dong, Hongfu"]
[Result "1/2-1/2"]
[Annotator "ChessBase"]
[ECO "B52"]
[WhiteElo "2211"]
[BlackElo "2238"]
[PlyCount "64"]
[EventDate "2025.04.26"]
[EventType "team-tourn"]
[EventCountry "CHN"]
[SourceTitle "playchess.com"]
[Source "ChessBase"]
[SourceQuality "1"]
[TimeControl "5400+30"]

1. e4 c5 2. Nf3 d6 3. Bb5+ Bd7 4. Bxd7+ Qxd7 5. c4 Nf6 6. Nc3 g6 7. O-O Nc6 8. d4 cxd4 9. Nxd4 Bg7 10. Nxc6 Qxc6 11. Bg5 O-O 12. Qe2 Rac8 13. b3 e6 14. Rac1 a6 15. Rfd1 h6 16. Be3 Rfd8 17. f3 Qe8 18. Bb6 Rd7 19. Bd4 Rc6 20. e5 Nh5 21. exd6 Nf4 22. Qe1 e5 23. c5 Ne6 24. Bxe5 Nxc5 25. Nd5 Nd3 26. Bxg7 Qxe1+ 27. Rxe1 Kxg7 28. Rxc6 bxc6 29. Nb6 Rxd6 30. Rd1 Kf6 31. Kf1 Ke6 32. Na4 Ke7 1/2-1/2

[Event "Chinese Team-ch Men 2025"]
[Site "Zhang Jiakou Hebei"]
[Date "2025.04.26"]
[Round "2.29"]
[White "Yu, Shi"]
[Black "Ye, Xuqing"]
[Result "0-1"]
[Annotator "NA"]
[ECO "E09"]
[WhiteElo "1973"]
[BlackElo "1938"]
[PlyCount "100"]
[EventDate "2025.04.26"]
[EventType "team-tourn"]
[EventCountry "CHN"]
[SourceTitle "playchess.com"]
[Source "ChessBase"]
[SourceQuality "1"]
[TimeControl "5400+30"]

1. d4 d5 2. c4 e6 3. Nf3 Nf6 4. g3 c6 5. Qc2 Nbd7 6. Bg2 Be7 7. O-O O-O 8. Nbd2 b6 9. e4 Bb7 10. e5 Ne8 11. h4 Rc8 12. Rd1 a6 13. b3 Nc7 14. Nf1 Qe8 15. Bf4 c5 16. Ne3 Ba8 17. dxc5 Nxc5 18. Bg5 h6 19. Bxe7 Qxe7 20. Nd4 Nd7 21. Qe2 Nxe5 22. cxd5 exd5 23. Nef5 Qf6 24. Re1 Rfe8 25. Rac1 Nc6 26. Qg4 Rxe1+ 27. Rxe1 Re8 28. Rxe8+ Nxe8 29. Nxh6+ Qxh6 30. Qd7 Kf8 31. Qxd5 Nxd4 32. Qxa8 a5 33. Qd5 Qd6 34. Qb7 g6 35. Bd5 Nc7 36. Bg2 Ne2+ 37. Kh2 Nc3 38. Bc6 N3d5 39. Qb8+ Ke7 40. Qb7 Kf6 41. Kg2 Nb4 42. Be4 Nxa2 43. Qb8 Kg7 44. Bf3 Nc1 45. h5 gxh5 46. Bxh5 Nxb3 47. Qc8 Nd4 48. Qg4+ Kf8 49. Qc8+ Ke7 50. Qg8 Qd5+ 0-1

[Event "Chinese Team-ch Men 2025"]
[Site "Zhang Jiakou Hebei"]
[Date "2025.04.26"]
[Round "2.30"]
[White "Yu, Zhe"]
[Black "Liu, Huaqi"]
[Result "1/2-1/2"]
[Annotator "NA"]
[ECO "B22"]
[WhiteElo "1837"]
[BlackElo "1816"]
[PlyCount "72"]
[EventDate "2025.04.26"]
[EventType "team-tourn"]
[EventCountry "CHN"]
[SourceTitle "playchess.com"]
[Source "ChessBase"]
[SourceQuality "1"]
[TimeControl "5400+30"]

1. e4 c5 2. Nf3 e6 3. c3 Nf6 4. e5 Nd5 5. d4 cxd4 6. cxd4 b6 7. Nc3 Nxc3 8. bxc3 Qc7 9. Bd2 Be7 10. Bd3 Ba6 11. Bxa6 Nxa6 12. Qe2 Nb8 13. O-O O-O 14. Bg5 f6 15. Bh4 Nc6 16. exf6 Bxf6 17. Bg3 Qd8 18. Rad1 Ne7 19. c4 Re8 20. Bd6 Rc8 21. c5 bxc5 22. dxc5 Rc6 23. Rb1 Nf5 24. Rb8 Rc8 25. Rb7 Nxd6 26. cxd6 Rc6 27. Rxa7 Rxd6 28. Rd1 Rxd1+ 29. Qxd1 d5 30. Qa4 h6 31. h3 Qb8 32. Rb7 Qa8 33. Ra7 Qb8 34. Rb7 Qa8 35. Ra7 Qb8 36. Rb7 Qa8 1/2-1/2

[Event "Chinese Team-ch Men 2025"]
[Site "Zhang Jiakou Hebei"]
[Date "2025.04.26"]
[Round "2.31"]
[White "Liu, Junyi"]
[Black "Zhai, Bugong"]
[Result "1/2-1/2"]
[Annotator "NA"]
[ECO "B24"]
[WhiteElo "1714"]
[BlackElo "1661"]
[PlyCount "115"]
[EventDate "2025.04.26"]
[EventType "team-tourn"]
[EventCountry "CHN"]
[SourceTitle "playchess.com"]
[Source "ChessBase"]
[SourceQuality "1"]
[TimeControl "5400+30"]

1. e4 c5 2. Nc3 Nc6 3. g3 g6 4. Nge2 Bg7 5. Bg2 e6 6. d3 Nge7 7. Bg5 d6 8. Qd2 h6 9. Be3 Rb8 10. a4 a6 11. O-O b5 12. axb5 axb5 13. f4 Nd4 14. Nd1 Nec6 15. Nc1 Ne7 16. c3 Ndc6 17. d4 cxd4 18. cxd4 d5 19. e5 b4 20. Nb3 Qb6 21. Nc5 Na5 22. b3 Ba6 23. Re1 Nec6 24. Nb2 Bb5 25. Qc2 Bf8 26. Nba4 Bxa4 27. Rxa4 Bxc5 28. dxc5 Qc7 29. Bf2 h5 30. h3 Kd7 31. Raa1 Ra8 32. g4 hxg4 33. hxg4 Ra7 34. f5 gxf5 35. gxf5 Rha8 36. fxe6+ fxe6 37. Qh7+ Kc8 38. Qg8+ Nd8 39. Qg4 Nac6 40. Rxa7 Rxa7 41. Bxd5 Qg7 42. Qxg7 Rxg7+ 43. Bg2 Rg5 44. Kh2 Rxe5 45. Rd1 Re2 46. Bh4 Rc2 47. Ra1 Rxc5 48. Ra8+ Kd7 49. Bf6 Ra5 50. Rxa5 Nxa5 51. Bh3 Nxb3 52. Bxd8 Kxd8 53. Bxe6 Nc1 54. Kg3 Ke7 55. Bg8 Kd6 56. Kf2 Kc5 57. Ke3 Ne2 58. Ke4 1/2-1/2

[Event "Chinese Team-ch Men 2025"]
[Site "Zhang Jiakou Hebei"]
[Date "2025.04.26"]
[Round "2.33"]
[White "Gong, Changda"]
[Black "Fan, Yupan"]
[Result "1-0"]
[Annotator "NA"]
[ECO "B52"]
[WhiteElo "2131"]
[BlackElo "1527"]
[PlyCount "81"]
[EventDate "2025.04.26"]
[EventType "team-tourn"]
[EventCountry "CHN"]
[SourceTitle "playchess.com"]
[Source "ChessBase"]
[SourceQuality "1"]
[TimeControl "5400+30"]

1. e4 c5 2. Nf3 d6 3. Bb5+ Bd7 4. Bxd7+ Qxd7 5. c4 Nc6 6. O-O Nf6 7. Nc3 g6 8. d4 cxd4 9. Nxd4 Bg7 10. Nc2 O-O 11. f3 Rac8 12. b3 Nh5 13. Bb2 Nf4 14. Qd2 g5 15. Ne3 e6 16. Rad1 Nb4 17. g3 Nfd3 18. Ba1 Nc5 19. Nb5 Bxa1 20. Rxa1 Nc6 21. b4 Na4 22. Nxd6 Rcd8 23. c5 b6 24. Nec4 f6 25. b5 Na5 26. Nxa5 bxa5 27. Qxa5 Nxc5 28. Rad1 Qe7 29. Qc3 Na4 30. Qc6 Nb6 31. f4 Rd7 32. fxg5 fxg5 33. e5 Rfd8 34. Rd2 Qg7 35. Qe4 Nd5 36. Rdf2 Qh6 37. Nf7 Qh5 38. Nxd8 Rxd8 39. Qd4 Rd7 40. Qc5 Qe8 41. Rf8+ 1-0

[Event "Chinese Team-ch Men 2025"]
[Site "Zhang Jiakou Hebei"]
[Date "2025.04.27"]
[Round "3.1"]
[White "Bai, Jinshi"]
[Black "Li, Chao b"]
[Result "1/2-1/2"]
[Annotator "TA"]
[ECO "D94"]
[WhiteElo "2569"]
[BlackElo "2624"]
[PlyCount "60"]
[EventDate "2025.04.26"]
[EventType "team-tourn"]
[EventCountry "CHN"]
[SourceTitle "playchess.com"]
[Source "ChessBase"]
[SourceQuality "1"]
[TimeControl "5400+30"]

1. d4 d5 2. c4 c6 3. Nf3 Nf6 4. e3 g6 5. Nc3 Bg7 6. Be2 O-O 7. O-O dxc4 8. Bxc4 Bg4 9. h3 Bxf3 10. Qxf3 Nbd7 11. Rd1 e5 12. d5 e4 13. Nxe4 Ne5 {[%emt 0:00:08] D94: Grünfeld: 4 Nf3 Bg7 5 e3.} 14. Nxf6+ Bxf6 15. Qe2 Nxc4 {[%emt 0:00:06] White is slightly better.} 16. Qxc4 cxd5 17. Rxd5 Qc8 18. Qb3 Qe6 $146 {[%emt 0:02:41] Repels e4} (18... Rd8 19. Rxd8+ Qxd8 20. e4 Qd4 21. Be3 Qxe4 22. Rd1 Qc6 23. Rc1 Qd7 24. Qc2 a6 25. Qc7 Qd5 26. Qc4 Qd7 27. Qc7 Qd5 28. Qc4 Qd7 29. Qc7 {½-½ Zhang,Z (2392)-Zhang,D (2303) CHN-ch Gp-B Liaocheng 2024 (6)}) 19. Bd2 Bxb2 {[%emt 0:06:16] [#]} 20. Rd1 {[%emt 0:04:14][%cal Od2b4] Bb4! would now be deadly.} Bf6 21. Qxb7 Rab8 22. Qd7 {[%emt 0:00:07] White is more active.} (22. Qxa7 $2 {loses.} Qxd5 23. Qa6 Bg7 $19) 22... Qa6 23. Rd6 Qxa2 24. Rxf6 Rbd8 25. Qb7 a5 {[%emt 0:01:16] [#]} 26. Qb1 $1 Rxd2 27. Qxa2 Rxa2 28. Ra6 (28. Rd7 $16) 28... Rc8 {[%emt 0:00:37] The position is equal.} 29. g4 Kg7 30. Rd4 Rc7 {[%emt 0:00:16] Weighted Error Value: White=0.07 (flawless) /Black=0.04 (flawless)   Mistake:       	White=1     	---        Inaccurate:     	---       	Black=1      OK:         	White=7     	Black=5      Best:        	White=4     	Black=2      Strong:       	White=1     	---} 1/2-1/2

[Event "Chinese Team-ch Men 2025"]
[Site "Zhang Jiakou Hebei"]
[Date "2025.04.27"]
[Round "3.2"]
[White "Xiu, Deshun"]
[Black "Kong, Xiangrui"]
[Result "1/2-1/2"]
[Annotator "ChessBase"]
[ECO "E54"]
[WhiteElo "2516"]
[BlackElo "2451"]
[PlyCount "60"]
[EventDate "2025.04.26"]
[EventType "team-tourn"]
[EventCountry "CHN"]
[SourceTitle "playchess.com"]
[Source "ChessBase"]
[SourceQuality "1"]
[TimeControl "5400+30"]

1. d4 Nf6 2. c4 e6 3. Nc3 Bb4 4. e3 O-O 5. Bd3 d5 6. Nf3 dxc4 7. Bxc4 c5 8. O-O cxd4 9. exd4 b6 10. Qe2 Bb7 11. Rd1 h6 12. h3 Nc6 13. d5 exd5 14. Nxd5 Re8 15. Be3 Bc5 16. Qc2 Nxd5 17. Bxc5 Ne5 18. Bxd5 Bxd5 19. Nxe5 Rxe5 20. Be3 Qc8 21. Qxc8+ Rxc8 22. a3 Be6 23. Rac1 Rxc1 24. Rxc1 Rd5 25. Rc7 Rd7 26. Rxd7 Bxd7 27. Kf1 Bb5+ 28. Ke1 Bc6 29. Kf1 Bb5+ 30. Ke1 Bc6 1/2-1/2

[Event "Chinese Team-ch Men 2025"]
[Site "Zhang Jiakou Hebei"]
[Date "2025.04.27"]
[Round "3.3"]
[White "Xie, Kaifan"]
[Black "Peng, Hongchi"]
[Result "1/2-1/2"]
[Annotator "ChessBase"]
[ECO "E15"]
[WhiteElo "2435"]
[BlackElo "2419"]
[PlyCount "60"]
[EventDate "2025.04.26"]
[EventType "team-tourn"]
[EventCountry "CHN"]
[SourceTitle "playchess.com"]
[Source "ChessBase"]
[SourceQuality "1"]
[TimeControl "5400+30"]

1. d4 Nf6 2. c4 e6 3. Nf3 b6 4. g3 Ba6 5. Qc2 Bb7 6. Bg2 c5 7. d5 exd5 8. cxd5 Nxd5 9. O-O Be7 10. Rd1 Qc8 11. Qf5 Nf6 12. Nc3 O-O 13. e4 d6 14. Qxc8 Rxc8 15. Nh4 Bf8 16. Nf5 Ne8 17. Nb5 Nc6 18. Nbxd6 Nxd6 19. Nxd6 Bxd6 20. Rxd6 Nd4 21. Bf4 Re8 22. e5 Bxg2 23. Kxg2 Rad8 24. Rxd8 Rxd8 25. Rd1 Kf8 26. Be3 Ke7 27. Bg5+ f6 28. exf6+ gxf6 29. Re1+ Kf7 30. Bf4 Ne6 1/2-1/2

[Event "Chinese Team-ch Men 2025"]
[Site "Zhang Jiakou Hebei"]
[Date "2025.04.27"]
[Round "3.4"]
[White "Zhang, Di"]
[Black "Zhu, Hengyi"]
[Result "1-0"]
[Annotator "ChessBase"]
[ECO "C67"]
[WhiteElo "2406"]
[BlackElo "2385"]
[PlyCount "49"]
[EventDate "2025.04.26"]
[EventType "team-tourn"]
[EventCountry "CHN"]
[SourceTitle "playchess.com"]
[Source "ChessBase"]
[SourceQuality "1"]
[TimeControl "5400+30"]

1. e4 e5 2. Nf3 Nc6 3. Bb5 Nf6 4. O-O Nxe4 5. Re1 Nd6 6. Nxe5 Be7 7. Bf1 Nxe5 8. Rxe5 O-O 9. d4 Bf6 10. Re1 Re8 11. Bf4 Rxe1 12. Qxe1 Ne8 13. Nc3 Bxd4 14. Nd5 d6 15. Qe4 Bxb2 16. Bg5 f6 17. Re1 Be5 18. f4 Be6 19. Bd3 f5 20. Qc4 b5 21. Qxb5 Bd4+ 22. Kf1 Qd7 23. Qb7 Rc8 24. Rxe6 Qxe6 25. Bxf5 1-0